AoeStats
← lex.18.1985gs

Black Forest

510437533Analyzed
3v3 RM · 1d ago on Oct 1, 2026· 67m 47s· 6 players
Game mode
Random Map
Map size
Normal (6 player)
Population
200
Speed
Normal
Resources
Standard
Victory
Conquest
Starting age
Dark Age
Ending age
Imperial Age
RankedLock teamsTeams togetherTeam positionsShared explorationLock speedFull tech treeHidden civsTurbo modeCheats
Victory
Defeat
🇧🇷 Persians · Brazil
602
+8
🇧🇾 Burgundians · Belarus
584
+9
🇧🇷 Britons · Brazil
442
+13
🇺🇸 Poles · United States
430
-11
🇺🇸 Romans · United States
409
-10
🇦🇷 Huns · Argentina
384
-9
aaa
10:57 Feudal Age
11:40 Double-Bit Axe
19:20 Horse Collar
24:34 Castle Age
22:41 Heavy Plow
22:55 Bow Saw
22:40 Gold Mining
22:41 Stone Mining
26:06 Crop Rotation
26:40 Two-Man Saw
25:32 Cavalier
27:15 Gold Shaft Mining
30:18 Caravan
35:24 Imperial Age
37:18 Chemistry
39:45 Loom
41:28 Scale Barding Armor
41:26 Scale Mail Armor
44:36 Paladin
53:55 Pikeman
KatorZ
0:28 Loom
12:55 Feudal Age
13:54 Double-Bit Axe
13:52 Horse Collar
14:07 Stone Mining
20:59 Gold Mining
23:13 Castle Age
22:48 Scale Barding Armor
22:54 Forging
25:12 Wheelbarrow
24:51 Bow Saw
27:23 Town Watch
28:03 Heavy Plow
32:12 Town Patrol
33:42 Gold Shaft Mining
33:42 Stone Shaft Mining
33:30 Hand Cart
33:30 Murder Holes
33:49 Masonry
37:30 Imperial Age
37:22 Iron Casting
36:47 Scale Mail Armor
37:07 Chain Barding Armor
36:41 Fletching
36:51 Padded Archer Armor
38:29 Conscription
38:06 Cavalier
38:46 Husbandry
38:57 Bloodlines
38:07 Light Cavalry
38:08 Heavy Camel Rider
41:26 Two-Man Saw
40:58 Crop Rotation
41:33 Blast Furnace
40:48 Chain Mail Armor
41:08 Plate Barding Armor
40:29 Bodkin Arrow
41:37 Chemistry
41:09 Architecture
40:31 Guard Tower
41:05 Ballistics
40:36 Heated Shot
41:42 Savar
43:57 Hoardings
42:55 Hussar
45:28 Herbal Medicine
45:38 Devotion
46:17 Plate Mail Armor
46:02 Leather Archer Armor
56:20 Ring Archer Armor
63:15 Caravan
63:45 Coinage
63:25 Guilds
64:58 Sappers
TheJoker
9:25 Loom
13:39 Feudal Age
14:33 Horse Collar
14:41 Double-Bit Axe
16:28 Gold Mining
21:03 Castle Age
21:59 Heavy Plow
22:13 Bow Saw
24:21 Wheelbarrow
24:30 Husbandry
29:15 Hand Cart
30:50 Gold Shaft Mining
30:05 Stone Mining
35:42 Yeomen
38:19 Imperial Age
36:30 Light Cavalry
37:23 Pikeman
37:50 Gambesons
38:07 Squires
40:09 Two-Man Saw
38:46 Elite Longbowman
39:05 Crossbowman
40:08 Caravan
40:10 Halberdier
42:48 Chemistry
42:10 Ballistics
44:40 Fletching
44:51 Padded Archer Armor
45:00 Scale Barding Armor
45:08 Forging
44:59 Scale Mail Armor
46:16 Warwolf
46:25 Bodkin Arrow
46:45 Leather Archer Armor
48:32 Iron Casting
48:17 Chain Barding Armor
50:09 Bracer
50:39 Ring Archer Armor
50:25 Chain Mail Armor
53:08 Blast Furnace
53:54 Plate Barding Armor
58:04 Plate Mail Armor
lDexterous
12:09 Loom
16:44 Feudal Age
17:30 Horse Collar
17:38 Double-Bit Axe
21:46 Castle Age
22:37 Bow Saw
22:31 Heavy Plow
28:42 Caravan
29:44 Wheelbarrow
31:36 Hand Cart
39:00 Imperial Age
37:16 Stone Mining
37:17 Gold Mining
37:45 Scale Mail Armor
37:45 Padded Archer Armor
37:36 Fletching
37:57 Forging
37:53 Scale Barding Armor
38:09 Ballistas
40:09 Elite Centurion
41:55 Crop Rotation
42:08 Gold Shaft Mining
43:42 Iron Casting
43:23 Chain Mail Armor
45:47 Comitatenses
46:49 Squires
46:10 Pikeman
46:10 Man-at-Arms
48:17 Comitatenses
47:50 Halberdier
48:00 Halberdier
48:30 Long Swordsman
48:43 Long Swordsman
48:45 Halberdier
50:06 Conscription
50:36 Legionary
50:58 Legionary
52:20 Legionary
TheFoustAffectTTV
12:43 Feudal Age
18:47 Castle Age
20:29 Forging
20:10 Fletching
35:09 Imperial Age
34:32 Double-Bit Axe
35:23 Bow Saw
35:52 Iron Casting
35:12 Bodkin Arrow
35:18 Padded Archer Armor
35:19 Scale Mail Armor
38:58 Blast Furnace
37:59 Bracer
38:14 Leather Archer Armor
42:10 Thumb Ring
41:26 Crossbowman
42:02 Arbalester
46:07 Chemistry
45:28 Ballistics
45:32 Chain Mail Armor
52:17 Murder Holes
52:48 Bombard Tower
lex.18.1985gs
0:36 Loom
11:40 Feudal Age
12:59 Wheelbarrow
12:21 Double-Bit Axe
15:32 Horse Collar
24:07 Stone Mining
26:40 Castle Age
24:59 Gold Mining
27:43 Bow Saw
29:08 Forging
30:16 Hand Cart
30:09 Squires
31:31 Gold Shaft Mining
31:27 Marauders
35:08 Heavy Plow
35:52 Murder Holes
36:10 Masonry
36:35 Scale Barding Armor
37:36 Bloodlines
37:29 Husbandry
44:50 Imperial Age
44:53 Cavalier
45:32 Elite Tarkan
Connection lost

Rejoining the realm…

Still unreachable

The connection could not be restored.

Session expired

The server has moved on; the page needs a fresh start.